 Seeded DCSS version 0.28.0-43-g3370ac3207 (webtiles) character file.

Game seed: 7121082916606783627 (custom seed)

23 gzilladon the Chopper (level 2, -1/27 HPs)
             Began as a Hill Orc Monk on Mar 30, 2022.
             Was a Believer of Beogh.
             Frozen to death by an endoplasm (2 damage)
             ... on level 1 of the Dungeon.
             The game lasted 00:01:50 (367 turns).

gzilladon the Chopper (Hill Orc Monk)                Turns: 367, Time: 00:01:50

Health: -1/27      AC:  3    Str: 13    XL:     2   Next: 95%
Magic:  2/2        EV: 12    Int: 10    God:    Beogh [**....]
Gold:   21         SH:  0    Dex: 13    Spells: 1/1 levels left

rFire   . . .      SeeInvis .   a - +0 hand axe
rCold   . . .      Faith    .   (no shield)
rNeg    . . .      Spirit   .   c - +0 leather armour
rPois   .          Reflect  .   (no helmet)
rElec   .          Harm     .   (no cloak)
rCorr   .          Rampage  .   (no gloves)
Will    .....                   (no boots)
Stlth   ++........              (no amulet)
HPRegen 0.09/turn               (no ring)
MPRegen 0.08/turn               (no ring)

@: no status effects
A: no striking features
a: Renounce Religion, Smiting


You were on level 1 of the Dungeon.
You worshipped Beogh.
Beogh was pleased with you.
You visited 1 branch of the dungeon, and saw 3 of its levels.

You collected 21 gold pieces.

Inventory:

Hand Weapons
 a - a +0 hand axe (weapon)
Armour
 b - a +0 robe
 c - a +0 leather armour (worn)


   Skills:
 + Level 4.1 Fighting
 * Level 4.5 Axes
 - Level 2.6 Dodging
 - Level 1.6 Stealth
 * Level 0.3 Invocations


You had one spell level left.
You didn't know any spells.
Your spell library was empty.

Dungeon Overview and Level Annotations

Branches:
Dungeon (3/15)

Altars:
Uskayaw


Message History

You kill the quokka!
Beogh accepts your kill.
The hobgoblin shouts!
You barely miss the hobgoblin. The hobgoblin hits you.
You hit the hobgoblin.
The hobgoblin is heavily wounded.
The hobgoblin barely misses you.
You hit the hobgoblin.
You kill the hobgoblin!
Beogh accepts your kill.
Found 10 gold pieces.
You now have 21 gold pieces (gained 11).
A hobgoblin comes into view.
A goblin comes into view. It is wielding a +0 dagger.
The hobgoblin shouts!
The goblin shouts!
An endoplasm comes into view.
Found a scroll labelled CUAFEA LIALL.
The goblin closely misses you.
You hit the goblin.
You kill the goblin!
Beogh accepts your kill.
You hit the hobgoblin but do no damage. The hobgoblin hits you. x2
* * * LOW HITPOINT WARNING * * *
You hit the hobgoblin.
The hobgoblin is lightly wounded.
You hit the endoplasm but do no damage. The endoplasm freezes you.
You are frozen.
* * * LOW HITPOINT WARNING * * *
The hobgoblin misses you.
You hit the hobgoblin but do no damage.
The hobgoblin is lightly wounded.
You hit the endoplasm. The endoplasm freezes you.
You are frozen.
* * * LOW HITPOINT WARNING * * *
The hobgoblin hits you but does no damage.
The endoplasm freezes you.
You are frozen.
You die...

##...## .. ##..# #P...P# #. #.
#.# #...## ##...## #.####.
#.#####.#..# . #...#
#^.....##.....#.##.# b###.##
#...............##.# ..#.#
..?.............##.# #.#.#
................##.# ##.#.##
......Jg........##.#
......###......)@........##.#
.........................##.##
..................$......##..#
##.#######...............###.#
#.# ##......#......... .# #>#
#####..###.........# #.# #...
#.........# #.# ###. .......
.# #.# .#


You could see an endoplasm and a hobgoblin.

Vanquished Creatures
  An adder (D:2)
  An endoplasm (D:2)
  4 goblins
  2 hobgoblins
  A quokka (D:1)
  2 ball pythons (D:2)
  A frilled lizard (D:3)
12 creatures vanquished.

Notes
Turn   | Place    | Note
-------+----------+-------------------------------------------
     0 | D:1      | gzilladon the Hill Orc Monk began the quest for the Orb.
     0 | D:1      | Reached XP level 1. HP: 19/19 MP: 1/1
    56 | D:2      | Reached XP level 2. HP: 17/27 MP: 2/2
   137 | D:3      | Found a hide-covered altar of Uskayaw.
   192 | D:3      | Became a worshipper of Beogh the Brigand
   192 | D:3      | Reached * piety under Beogh
   192 | D:3      | Reached ** piety under Beogh
   367 | D:1      | HP: 1/27 [frozen (4)]
   367 | D:1      | Frozen to death by an endoplasm

Illustrated notes

Levels and vault maps discovered:
D:1:      minmay_arrival_plants_in_alcoves, layout_rooms, serial_shops, shop,
          chequers_serial_rivers_large_b
D:2:      layout_rooms, hellmonk_ecumenical_altar_leap_of_faith,
          minmay_door_square, nicolae_concentric_dashed_squares_mild
D:3:      cheibrodos_fertilizer, layout_basic, lemuel_tele_altar,
          lemuel_zombie_altar_yredelemnul, serial_shops,
          nicolae_shop_behind_doors, serial_rivers,
          chequers_serial_rivers_small_a, chequers_serial_rivers_micro_c,
          chequers_serial_rivers_room_a, chequers_serial_rivers_micro_e,
          chequers_serial_rivers_small_a, kennysheep_generic_room_9

Skill      XL: |  1  2 |
---------------+-------+-----
Fighting       | 4 |  4.1
Axes           | |  4.5
Dodging        | |  2.6
Stealth        | |  1.6
Invocations    | |  0.3

Action                   || total
-------------------------++-------
Melee: Hand axe          ||    55
Invok: Convert to Beogh  ||     1
Armor: Robe              ||     3
       Leather armour    ||     7
Dodge: Dodged            ||    35
